 Dungeon Crawl Stone Soup version 0.31-a0-978-g1e143483b6 (webtiles) character file.

Game seed: 16116761621288477622

1546 serber55 the Sneak (level 8, -2/40 HPs)
             Began as a Spriggan Enchanter on Oct 30, 2023.
             Was a Follower of Okawaru.
             Slain by an elephant zombie (7 damage)
             ... on level 6 of the Dungeon.
             The game lasted 00:20:43 (6204 turns).

serber55 the Sneak (Spriggan Enchanter)             Turns: 6204, Time: 00:20:44

Health: -2/40      AC:  8    Str:  6    XL:     8   Next: 57%
Magic:  17/17      EV: 22    Int: 23    God:    Okawaru [*.....]
Gold:   243        SH:  0    Dex: 15    Spells: 7/18 levels left

rFire   . . .        a - +1 dagger
rCold   . . .        (no shield)
rNeg    . . .        d - +1 steam dragon scales
rPois   .            (helmet restricted)
rElec   .            i - +1 cloak
rCorr   .            (gloves unavailable)
SInv    +            (boots unavailable)
Will    +....        (no amulet)
Stlth   ++++         l - +6 ring of intelligence
HPRegen 0.26/turn    p - +5 ring of evasion
MPRegen 0.15/turn

%: no passive effects
@: invisible, very quick
A: very small, no large weapons, unfitting armour, see invisible, speed 3
a: Renounce Religion, Heroism


You were on level 6 of the Dungeon.
You worshipped Okawaru.
Okawaru was aware of your devotion.
You visited 2 branches of the dungeon, and saw 7 of its levels.

You collected 348 gold pieces.
You spent 105 gold pieces at shops.

Inventory:

Hand Weapons
 a - a +1 dagger (weapon)
Missiles
 b - 13 poisoned darts (quivered)
Armour
 d - +1 steam dragon scales (worn)
 i - a +1 cloak (worn)
Jewellery
 l - a +6 ring of intelligence (left hand)
 p - a +5 ring of evasion (right hand)
 q - a ring of protection from fire
Wands
 j - a wand of polymorph (10)
 t - a wand of paralysis (9)
Scrolls
 e - a scroll of teleportation
 r - a scroll of amnesia
 s - a scroll of revelation
Potions
 c - 2 potions of invisibility
 f - 4 potions of curing
 g - 2 potions of ambrosia
 h - 2 potions of cancellation {unknown}
 k - a potion of mutation {unknown}
 m - a potion of haste {unknown}
 n - a potion of berserk rage {unknown}
 o - a potion of magic {unknown}


   Skills:
 + Level 3.4 Fighting
 * Level 6.9 Short Blades
 + Level 3.3 Dodging
 - Level 7.8 Stealth
 + Level 5.7 Spellcasting
 + Level 6.3 Hexes


You had 7 spell levels left.
You knew the following spells:

 Your Spells              Type           Power      Damage    Failure   Level
a - Ensorcelled Hibernat  Hex/Ice        42%        N/A       3%          2
b - Confusing Touch       Hex            35%        N/A       1%          3
c - Tukima's Dance        Hex            35%        N/A       1%          3
d - Dazzling Flash        Conj/Hex       42%        N/A       7%          3

Your spell library contained the following spells:

 Spells                   Type           Power      Damage    Failure   Level


Dungeon Overview and Level Annotations

Branches:
Dungeon (6/15)             Temple (1/1) D:5

Altars:
Ashenzari
Cheibriados
Dithmenos
Elyvilon
Fedhas
Gozag
Hepliaklqana
Makhleb
Nemelex Xobeh
Okawaru
Qazlal
Ru
Sif Muna
Trog
Vehumet
Wu Jian
Xom
Yredelemnul
Zin

Shops:
D:1 [   D:3 *


Innate Abilities, Weirdness & Mutations

You are very small and have problems with some larger weapons.
You are too small for most types of armour.
You have supernaturally acute eyesight. (SInv)
You cover ground extremely quickly. (Speed+++)


Message History

The elephant zombie completely misses you.
You hit the elephant zombie but do no damage.
The elephant zombie is heavily damaged.
The elephant zombie misses you. x2
You hit the elephant zombie.
The elephant zombie is heavily damaged.
You hit the elephant zombie but do no damage.
The elephant zombie is heavily damaged.
The elephant zombie tramples you but does no damage.
The elephant zombie trunk-slaps you but does no damage.
You hit the elephant zombie.
The elephant zombie is severely damaged.
You hit the elephant zombie.
The elephant zombie is severely damaged.
You hit the elephant zombie.
The elephant zombie is severely damaged.
The elephant zombie tramples you but does no damage.
The elephant zombie trunk-slaps you but does no damage.
You hit the elephant zombie.
The elephant zombie is severely damaged.
You hit the elephant zombie.
The elephant zombie is severely damaged.
The elephant zombie barely misses you. The elephant zombie closely misses you.
You hit the elephant zombie.
The elephant zombie is severely damaged.
The elephant zombie tramples you!
* * * LOW HITPOINT WARNING * * *
You stumble backwards!
You hit the elephant zombie.
The elephant zombie is severely damaged.
You hit the elephant zombie.
The elephant zombie is almost destroyed.
The elephant zombie tramples you!
* * * LOW HITPOINT WARNING * * *
You stumble backwards!
You fade into invisibility!
You hit the elephant zombie.
The elephant zombie is almost destroyed.
The elephant zombie tramples you!
You die... ############+#### .....#..
ZZZ..Z!#.. ####.#.# #ZZZ.Z#

.# .....#.# ##.ZZ# .#
###..#.# ###z####.#
.##..#.###.'Z+..#.#
.##..#.##..####.#.#
.##..#.##.#####.#.##.#.#
.##...........ZZ@.......
..>....########.#.......
.##....)...## #.########
.##..#.##...# #..
.##..#.##.<.# #### #
.....#.##...# #
.###.#.##...# #
.....#.##...## #
.#####.##....# #


You could see an elephant zombie (unable to see you), a scorpion zombie (unable
to see you), a centaur zombie (unable to see you) and 3 howler monkey zombies.

Vanquished Creatures
  A flying skull (D:6)
  Sigmund (D:5)
  Pargi (D:3)
  An ice beast (D:5)
  2 centaurs
  Blork the orc (D:4)
  A gnoll sergeant (D:6)
  A scorpion (D:5)
  A howler monkey (D:6)
  3 hounds (D:4)
  A jelly (D:6)
  Crazy Yiuf (D:3)
  An orc priest (D:6)
  A sleepcap (D:4)
  3 iguanas
  3 orc wizards
  A killer bee zombie (D:6)
  Robin (D:3)
  A howler monkey zombie (D:6)
  8 gnolls
  7 adders
  2 ufetubi (D:6)
  A worm (D:3)
  13 orcs
  6 endoplasms
  4 giant cockroaches
  10 goblins
  13 hobgoblins
  7 jackals (D:1)
  2 quokkas
  6 ball pythons
  2 bats
  A frilled lizard (D:2)
  7 kobolds
  7 rats
122 creatures vanquished.

Notes
Turn   | Place    | Note
-------+----------+-------------------------------------------
     0 | D:1      | serber55 the Spriggan Enchanter began the quest for the
                  | Orb.
     0 | D:1      | Reached XP level 1. HP: 9/9 MP: 5/5
   131 | D:1      | Reached XP level 2. HP: 12/13 MP: 6/6
   187 | D:1      | Learned a level 2 spell: Ensorcelled Hibernation
   548 | D:1      | Reached XP level 3. HP: 13/17 MP: 5/8
   870 | D:1      | Found Xeoliruo's Antique Armour Emporium.
  1046 | D:2      | Learned a level 3 spell: Confusing Touch
  1214 | D:2      | Reached skill level 1 in Fighting
  1221 | D:2      | Reached skill level 5 in Stealth
  1692 | D:3      | Noticed Pargi
  1741 | D:3      | Killed Pargi
  1742 | D:3      | Reached XP level 4. HP: 13/22 MP: 1/10
  1742 | D:3      | Reached XP level 5. HP: 15/25 MP: 1/11
  2080 | D:3      | Noticed Robin
  2127 | D:3      | Learned a level 3 spell: Tukima's Dance
  2131 | D:3      | Learned a level 3 spell: Dazzling Flash
  2145 | D:3      | Killed Robin
  2589 | D:3      | Found Vitotz's Assorted Antiques.
  2632 | D:3      | Bought a scroll of teleportation for 63 gold pieces
  2632 | D:3      | Bought a scroll labelled PAL PAPNYO for 21 gold pieces
  2632 | D:3      | Bought a scroll labelled PIDIDE ZOWILOY for 21 gold pieces
  2749 | D:3      | Found a runed translucent door.
  2750 | D:3      | Noticed Crazy Yiuf
  2757 | D:3      | Killed Crazy Yiuf
  3158 | D:4      | Reached XP level 6. HP: 30/30 MP: 9/12
  3197 | D:4      | Noticed Blork the orc
  3204 | D:4      | Killed Blork the orc
  3205 | D:4      | Reached skill level 6 in Stealth
  3510 | D:4      | Found a glowing silver altar of Zin.
  3710 | D:4      | Reached skill level 5 in Hexes
  4100 | D:4      | Reached XP level 7. HP: 35/35 MP: 9/14
  4187 | D:5      | Entered Level 5 of the Dungeon
  4265 | D:5      | Reached skill level 5 in Short Blades
  4347 | D:5      | Found a staircase to the Ecumenical Temple.
  4551 | Temple   | Entered the Ecumenical Temple
  4568 | Temple   | Became a worshipper of Warmaster Okawaru
  4959 | D:5      | Noticed Sigmund
  4961 | D:5      | Killed Sigmund
  4962 | D:5      | Reached skill level 7 in Stealth
  4962 | D:5      | Reached skill level 5 in Spellcasting
  5025 | D:5      | Reached XP level 8. HP: 39/39 MP: 11/16
  6116 | D:6      | Noticed a flying skull
  6136 | D:6      | Killed a flying skull
  6136 | D:6      | Reached * piety under Okawaru
  6204 | D:6      | Slain by an elephant zombie

Illustrated notes

Levels and vault maps discovered:
D:1:      minmay_arrival_shattered_statue, layout_basic, serial_shops, shop,
          minmay_shallow_snake_nest
D:2:      layout_loops_ring, nrook_campfire, solitary_fountain,
          kennysheep_generic_room_3
D:3:      mumra_celtic_spiral_tile, layout_basic, serial_shops,
          nicolae_shop_behind_doors, uniq_robin, uniq_crazy_yiuf_cottage,
          uniq_pargi
D:4:      layout_basic, zin_treasury, uniq_blork_the_orc
D:5:      layout_loops_ring, minmay_temple_entry_crystal_x, uniq_sigmund
D:6:      layout_basic, kennysheep_crisscross, roadster_capsule_ark_zombie
Temple:   mainiacjoe_temple_coin_purse

Skill      XL: |  1  2  3  4  5  6  7  8 |
---------------+-------------------------+-----
Short Blades   | 2 3 4 5 6 |  6.9
Spellcasting   | 3 4 5 |  5.7
Hexes          | 4 5 6 |  6.3
Fighting       | 1 2 3 |  3.4
Stealth        | 5 6 7 |  7.8
Dodging        | 3 |  3.3

Action                     |  1- 3 |  4- 6 |  7- 9 || total
---------------------------+-------+-------+-------++-------
  Melee: Dagger            |   124 |   152 |   226 ||   502
         Punch             |     2 |       |     3 ||     5
   Cast: Ensorcelled Hiber |    23 |    33 |    42 ||    98
         Confusing Touch   |       |     1 |     3 ||     4
         Dazzling Flash    |       |       |     1 ||     1
    Use: Scroll            |       |    10 |     2 ||    12
         Potion            |       |       |     1 ||     1
   Stab: Sleeping          |    25 |    25 |    19 ||    69
         Confused          |       |     2 |     3 ||     5
         Invisible         |       |       |     1 ||     1
 Armour: Steam dragon scal |    50 |    34 |    58 ||   142
         Robe              |     2 |       |       ||     2
  Dodge: Dodged            |   123 |    99 |   257 ||   479

Table legend: (Time is in decaauts)
 A = Elapsed time spent in this place.
 B = Non-inter-level travel time spent in this place.
 C = Inter-level travel time spent in this place.
 D = Time resting spent in this place.
 E = Time spent auto-exploring this place.
 F = Levels seen in this place.
 G = Mean time per level.
                   A        B        C        D        E       F      G
               +--------+--------+--------+--------+--------+-----+--------+
         Total |   4631 |   4519 |    112 |   1094 |   2445 |   7 |  661.6 |
       Dungeon |   4612 |   4507 |    105 |   1094 |   2445 |   6 |  768.7 |
        Temple |     19 |     12 |      7 |      0 |      0 |   1 |   19.0 |
               +--------+--------+--------+--------+--------+-----+--------+

Top non-repeatable levels by time:
     D:3: 991 daAuts
     D:5: 799 daAuts
     D:4: 761 daAuts
     D:1: 755 daAuts
     D:6: 726 daAuts
     D:2: 578 daAuts
  Temple: 19 daAuts
